 Dungeon Crawl Stone Soup version 0.30-a0-1085-g990a428a5c (webtiles) character file.

Game seed: 1206227619973799087

38 NateTC the Trooper (level 3, 0/24 HPs)
             Began as a Gargoyle Fighter on Apr 16, 2023.
             Slain by a gnoll
             ... wielding a +0 halberd
              (8 damage)
             ... on level 2 of the Dungeon.
             The game lasted 00:01:24 (840 turns).

NateTC the Trooper (Gargoyle Fighter)                Turns: 840, Time: 00:01:24

Health: 0/24       AC: 10    Str: 19    XL:     3   Next: 43%
Magic:  3/3        EV:  9    Int:  8    God:
Gold:   44         SH:  4    Dex: 11    Spells: 2/2 levels left

rFire   . . .      SeeInvis .    a - +0 flail
rCold   . . .      Faith    .    c - +0 buckler
rNeg    + . .      Spirit   .    b - +0 scale mail
rPois   ∞          Reflect  .    (no helmet)
rElec   +          Rampage  .    (no cloak)
rCorr   .                        (no gloves)
Will    .....                    (no boots) Stlth
                                 (no amulet)
HPRegen 0.24/turn                (no ring)
MPRegen 0.08/turn                (no ring)

@: no status effects
A: sickness immunity, AC +3, negative energy resistance 1, electricity
resistance, torment resistance 1, petrification resistance
a: no special abilities


You were on level 2 of the Dungeon.
You visited 1 branch of the dungeon, and saw 2 of its levels.

You collected 44 gold pieces.

Inventory:

Hand Weapons
 a - a +0 flail (weapon)
Armour
 b - a +0 scale mail (worn)
 c - a +0 buckler (worn)
Jewellery
 j - an amulet of the acrobat
Scrolls
 i - a scroll of vulnerability {unknown}
Potions
 d - a potion of might
 e - a potion of curing {unknown}
 f - a potion of flight {unknown}
 g - a potion of degeneration {unknown}
 h - a potion of ambrosia {unknown}


   Skills:
 * Level 4.4 Fighting
 + Level 2.6 Maces & Flails
 - Level 3.2 Armour
 - Level 3.2 Shields


You had 2 spell levels left.
You didn't know any spells.
Your spell library was empty.

Dungeon Overview and Level Annotations

Branches:
Dungeon (2/15) Zot: 11133

Altars:


Innate Abilities, Weirdness & Mutations

You are immune to sickness and miasma.
Your stone body is resilient. (AC +3)
You are immune to poison.
You resist negative energy. (rN+)
You are resistant to electric shocks. (rElec)
You are resistant to unholy torment.
You are immune to petrification.


Message History

You closely miss the bat.
The bat is moderately wounded.
The bat hits you but does no damage. You block the bat's attack.
The gnoll hits you but does no damage. The bat hits you but does no damage.
The gnoll hits you but does no damage.
You barely miss the bat.
The bat is moderately wounded.
The bat hits you but does no damage.
The gnoll hits you from afar with a +0 spear!
The bat barely misses you. The bat barely misses you.
You sock the bat!
You kill the bat!
The gnoll hits you but does no damage.
You see here a bat corpse.
Found a dented zirconium amulet.
Found 7 stones.
You see here an amulet of the acrobat.
j - an amulet of the acrobat The gnoll hits you from afar with a +0 spear.
You start putting on your amulet.
You continue putting on your amulet of the acrobat.
The gnoll hits you from afar with a +0 spear.
Keep equipping yourself? [Y]es or [N]o only, please.
Keep equipping yourself? [Y]es or [N]o only, please.
Keep equipping yourself? [Y]es or [N]o only, please.
Keep equipping yourself?
You continue putting on your amulet of the acrobat.
The gnoll closely misses you.
You continue putting on your amulet of the acrobat.
The gnoll barely misses you. The gnoll hits you but does no damage.
You continue putting on your amulet of the acrobat.
You block the gnoll's attack.
The gnoll hits you from afar with a +0 spear.
You continue putting on your amulet of the acrobat.
The gnoll hits you from afar with a +0 halberd!
You die...

###### ##....### ######.
####.......# .......
.......#.#.# ###########
..####.(...###g.@.......
.## #.#.#....g########.
.# #................ .#
###..###########.#.#.#
g# ##... ....... ... .#
#### ....... ..# g#
.#.#.#. #.# .# .......
#.# .# .#.#.#. #.#


You could see 2 gnolls.

Vanquished Creatures
  An adder (D:2)
  2 dart slugs (D:1)
  An endoplasm (D:1)
  A giant cockroach (D:1)
  3 goblins (D:1)
  2 hobgoblins (D:1)
  2 kobolds (D:1)
  A quokka (D:1)
  2 ball pythons (D:1)
  5 bats
  2 frilled lizards (D:1)
  2 rats (D:1)
24 creatures vanquished.

Notes
Turn   | Place    | Note
-------+----------+-------------------------------------------
     0 | D:1      | NateTC the Gargoyle Fighter began the quest for the Orb.
     0 | D:1      | Reached XP level 1. HP: 14/14 MP: 1/1
   121 | D:1      | Reached XP level 2. HP: 19/20 MP: 2/2
   319 | D:1      | Reached skill level 4 in Fighting
   430 | D:1      | Reached XP level 3. HP: 21/24 MP: 3/3
   840 | D:2      | Slain by a gnoll

Illustrated notes

Levels and vault maps discovered:
D:1:      co_arrival_square_in_a_square_in_a_square, layout_basic
D:2:      layout_basic, serial_co_window_serial, co_window_paths_a,
          co_window_paths_b, co_window_paths_a, co_window_paths_a,
          co_window_corner_a, co_window_paths_a, co_window_of_opportunity_c,
          co_window_cross_2, co_window_2corner, co_window_2corner,
          co_window_unsneaky_path_c, co_window_broadway_b, co_window_paths_d,
          glass_columns_a, glass_columns_b, glass_columns_b, glass_columns_b,
          basic_altar, kennysheep_generic_room_5, uniq_jessica

Skill      XL: |  1  2 |
---------------+-------+-----
Fighting       | 4 |  4.4
Maces & Flails | |  2.6
Armour         | |  3.2
Shields        | |  3.2

Action                     || total
---------------------------++-------
  Melee: Flail             ||    77
 Armour: Scale mail        ||    64
  Dodge: Dodged            ||    53
  Block: Buckler           ||    25

Table legend: (Time is in decaauts)
 A = Elapsed time spent in this place.
 B = Non-inter-level travel time spent in this place.
 C = Inter-level travel time spent in this place.
 D = Time resting spent in this place.
 E = Time spent auto-exploring this place.
 F = Levels seen in this place.
 G = Mean time per level.
                   A        B        C        D        E       F      G
               +--------+--------+--------+--------+--------+-----+--------+
         Total |    865 |    841 |     24 |      0 |    604 |   2 |  432.5 |
       Dungeon |    865 |    841 |     24 |      0 |    604 |   2 |  432.5 |
               +--------+--------+--------+--------+--------+-----+--------+

Top non-repeatable levels by time:
     D:1: 779 daAuts
     D:2: 86 daAuts
